Icehogs vs Griffins
Created - November 8, 2024 at 19:26
Goals
|
| Icehogs |
1 |
0 |
2 |
3 |
| Griffins |
0 |
1 |
0 |
1 |
|
Shots
|
| Icehogs |
8 |
7 |
12 |
27 |
| Griffins |
18 |
12 |
9 |
39 |
|
1st period
1. Icehogs , Ben Johnson 2 (Patrick Sieloff 5, Julius Honka 5) at 15:16
Penalties :
Dillon Dube (Roc) for Cross-checking (Minor) at 6:33
2nd period
2. Griffins , Christoffer Ehn 5 (Sonny Milano 6, Robert Thomas 9) at 10:02
Penalties :
Patrick Sieloff (Roc) for Holding (Minor) at 0:42, Julius Honka (Roc) for High sticking (Minor) at 19:00, Mikhail Grigorenko (Roc) for Delaying the game (Minor) at 19:23
3rd period
3. Icehogs , Mikhail Grigorenko 7 (Nikita Scherbak 4, Patrick Sieloff 6) at 10:45
4. Icehogs , Hudson Fasching 6 (Trevor Zegras 5, Patrick Sieloff 7) at 12:55
Penalties :
Ben Johnson (Roc) for High sticking (Minor) at 6:38, Ben Johnson (Roc) for Hooking (Minor) at 15:39
Goalie Stats
Mackenzie Blackwood (Roc), 38 saves from 39 shots - (0.974), W, 4-2-0, 60:00 minutes
Adam Werner (Gra), 24 saves from 27 shots - (0.889), L, 1-2-0, 60:00 minutes
Players Stats for Icehogs
Player Name G A P +/- PIM S H SB GA TA FO MP PP MP PK MP
------------------------------------------------------------------------------------
Andrew Poturalski 0 0 0 0 0 1 0 0 0 0 4/9 16:18 0:00 2:14
Ben Johnson 1 0 1 1 4 4 1 1 0 0 1/9 11:31 0:00 0:53
Calle Andersson 0 0 0 0 0 1 1 1 0 0 0/0 21:10 0:00 4:44
Declan Chisholm 0 0 0 0 0 0 0 0 0 0 0/0 13:09 0:00 0:00
Dillon Dube 0 0 0 1 2 1 1 0 1 0 24/33 21:25 0:00 4:39
Gabriel Fortier 0 0 0 0 0 0 0 0 0 0 0/0 8:02 0:00 0:00
Hudson Fasching 1 0 1 1 0 3 3 0 1 0 1/1 16:39 0:00 0:00
Jeremy Davies 0 0 0 0 0 1 0 1 0 0 0/0 19:26 0:00 3:16
JJ. Piccinich 0 0 0 1 0 0 0 2 0 0 0/0 10:36 0:00 0:00
Julius Honka 0 1 1 2 2 0 2 0 1 0 0/0 25:25 0:00 5:03
Maxim Letunov 0 0 0 0 0 3 0 1 0 1 1/3 8:17 0:00 0:04
Mikhail Grigorenko 1 0 1 0 2 3 2 0 1 0 1/1 18:27 0:00 4:25
Mitchell Chaffee 0 0 0 0 0 1 1 1 1 0 0/1 8:02 0:00 0:00
Nikita Scherbak 0 1 1 0 0 1 2 0 1 0 0/1 17:06 0:00 2:28
Patrick Sieloff 0 3 3 2 2 3 1 1 0 1 0/0 26:22 0:00 6:13
Ross Johnston 0 0 0 1 0 0 0 0 0 0 0/0 11:14 0:00 0:35
Trevor Zegras 0 1 1 1 0 5 1 0 1 0 0/1 19:56 0:00 3:18
Zach Whitecloud 0 0 0 0 0 0 0 2 0 0 0/0 14:55 0:00 1:43
Players Stats for Griffins
Player Name G A P +/- PIM S H SB GA TA FO MP PP MP PK MP
------------------------------------------------------------------------------------
Brycen Martin 0 0 0 -1 0 0 0 0 0 0 0/0 6:47 0:00 0:00
Christoffer Ehn 1 0 1 0 0 7 2 0 0 0 14/30 21:41 4:37 0:00
Connor McMichael 0 0 0 0 0 0 0 0 0 0 2/6 14:46 4:45 0:00
Dominic Turgeon 0 0 0 -1 0 1 1 1 0 0 4/8 13:15 0:10 0:00
Ian McCoshen 0 0 0 1 0 1 2 0 0 1 0/0 22:50 4:08 0:00
Jack Studnicka 0 0 0 -1 0 3 0 0 0 0 2/3 9:25 0:00 0:00
Joonas Lyytinen 0 0 0 -1 0 1 1 0 0 0 0/0 9:47 0:37 0:00
Jordan Spence 0 0 0 -1 0 2 0 1 1 1 0/0 20:36 5:33 0:00
Kailer Yamamoto 0 0 0 -1 0 3 3 0 1 0 0/2 16:48 4:45 0:00
Mathieu Brodeur 0 0 0 -1 0 3 0 0 0 1 0/0 13:53 0:00 0:00
Morgan Barron 0 0 0 0 0 2 1 0 0 0 0/0 10:41 0:00 0:00
Morgan Geekie 0 0 0 0 0 3 1 0 0 0 1/1 11:20 0:18 0:00
Nathan Walker 0 0 0 -1 0 1 1 0 0 0 1/1 17:35 5:33 0:00
Nils Hoglander 0 0 0 -1 0 2 0 0 0 0 0/0 10:08 0:00 0:00
Robert Thomas 0 1 1 0 0 2 1 0 0 1 2/6 22:27 5:23 0:00
Ryan Pulock 0 0 0 1 0 2 1 2 0 3 0/0 25:26 6:10 0:00
Samuel Poulin 0 0 0 -1 0 0 0 0 0 0 0/0 9:25 0:00 0:00
Sebastian Ahaut 0 0 0 -1 0 1 2 0 0 0 0/0 13:54 4:08 0:00
Sonny Milano 0 1 1 0 0 5 6 0 0 0 1/2 22:29 5:23 0:00
Tyler Lewington 0 0 0 -1 0 0 0 0 0 0 0/0 6:47 0:00 0:00
3 Stars
1 - Mackenzie Blackwood (Roc)
2 - Patrick Sieloff (Roc)
3 - Hudson Fasching (Roc)
Power Play
Icehogs - 0 on 0 Attempt(s) - 0.00%
Griffins - 0 on 6 Attempt(s) - 0.00%
Penalty Kill
Icehogs - 6 on 6 Attempt(s) - 100.00%
- Score 0 goal in Penalty Kill
Griffins - 0 on 0 Attempt(s) - 0.00%
- Score 0 goal in Penalty Kill
Team Stat
Icehogs - Hits : 15 - Faceoff Wins : 32 - Blocked Shots : 10 - Penalty Minutes : 12
Griffins - Hits : 22 - Faceoff Wins : 27 - Blocked Shots : 4 - Penalty Minutes : 0
Official
Referees : Brian Pochmara and TJ Luxmore
Linesman : Travis Gawryletz and Julien Fournier
Game Notes
No Game Note
Finance
Level 1 -- Attendance: 1776 (88.80%) -- Ticket Income $124,320
Level 2 -- Attendance: 910 (91.00%) -- Ticket Income $36,400
Total Attendance: 2686 (89.53%)
Total Ticket Income: $160,720
Other Income: $8,036
Total Income: $168,756
Icehogs
5 vs 5 Forward
Center Left Wing Right Wing Time % Phy DF OF
1 Dillon Dube Trevor Zegras Hudson Fasching 40 1 2 2
2 Andrew Poturalski Mikhail Grigorenko Nikita Scherbak 30 1 2 2
3 Ben Johnson Ross Johnston JJ. Piccinich 20 1 2 2
4 Maxim Letunov Gabriel Fortier Mitchell Chaffee 10 1 2 2
5 vs 5 Defense
Defense Defense Time % Phy DF OF
1 Patrick Sieloff Julius Honka 40 1 2 2
2 Jeremy Davies Calle Andersson 30 1 2 2
3 Zach Whitecloud Declan Chisholm 20 1 2 2
4 Patrick Sieloff Julius Honka 10 1 2 2
PowerPlay Forward
Center Left Wing Right Wing Time % Phy DF OF
1 Dillon Dube Mikhail Grigorenko Hudson Fasching 60 1 2 2
2 Andrew Poturalski Trevor Zegras Nikita Scherbak 40 1 2 2
PowerPlay Defense
Defense Defense Time % Phy DF OF
1 Patrick Sieloff Julius Honka 60 1 2 2
2 Jeremy Davies Calle Andersson 40 1 2 2
Penalty Kill 4 Players Forward
Center Wing Time % Phy DF OF
1 Dillon Dube Mikhail Grigorenko 60 1 2 2
2 Andrew Poturalski Trevor Zegras 40 1 2 2
Penalty Kill 4 Players Defense
Defense Defense Time % Phy DF OF
1 Patrick Sieloff Julius Honka 60 1 2 2
2 Jeremy Davies Calle Andersson 40 1 2 2
Penalty Kill - 3 Players Forward
Forward Time % Phy DF OF
1 Dillon Dube 60 1 2 2
2 Andrew Poturalski 40 1 2 2
Penalty Kill - 3 Players Defense
Defense Defense Time % Phy DF OF
1 Patrick Sieloff Julius Honka 60 1 2 2
2 Jeremy Davies Calle Andersson 40 1 2 2
4 vs 4 Forward
Center Wing Time % Phy DF OF
1 Dillon Dube Mikhail Grigorenko 60 1 2 2
2 Andrew Poturalski Trevor Zegras 40 1 2 2
4 vs 4 Defense
Defense Defense Time % Phy DF OF
1 Patrick Sieloff Julius Honka 60 1 2 2
2 Jeremy Davies Calle Andersson 40 1 2 2
Last Minutes Offensive
Center Left Wing Right Wing Defense Defense
Dillon Dube Mikhail Grigorenko Hudson Fasching Patrick Sieloff Julius Honka
Last Minutes Defensive
Center Left Wing Right Wing Defense Defense
Dillon Dube Mikhail Grigorenko Hudson Fasching Patrick Sieloff Julius Honka
Goaltenders
Starting : Mackenzie Blackwood
Backup : Oscar Dansk
Extra Forwards
Normal : Nikita Scherbak, Trevor Zegras, Maxim Letunov - PP : Nikita Scherbak, Trevor Zegras - PK : Nikita Scherbak
Extra Defensemen
Normal : Calle Andersson, Zach Whitecloud, Declan Chisholm - PP : Calle Andersson - PK : Calle Andersson, Zach Whitecloud
Penalty Shots
Mikhail Grigorenko, Hudson Fasching, Dillon Dube, Andrew Poturalski, Nikita Scherbak
Custom OT Lines Forwards
Mikhail Grigorenko, Hudson Fasching, Dillon Dube, Andrew Poturalski, Nikita Scherbak, Trevor Zegras, Maxim Letunov, Ross Johnston, Ben Johnson, JJ. Piccinich
Custom OT Lines Defensemen
Patrick Sieloff, Julius Honka, Jeremy Davies, Calle Andersson, Zach Whitecloud
Scratches
Clark Bishop (Healthy), Kristian Reichel (Healthy), Jackson Cates (Healthy), Antoine Morand (Healthy), Egor Afanasyev (Healthy)
Petr Kvaca (Healthy)
Griffins
5 vs 5 Forward
Center Left Wing Right Wing Time % Phy DF OF
1 Christoffer Ehn Sonny Milano Robert Thomas 40 1 2 2
2 Dominic Turgeon Nathan Walker Kailer Yamamoto 30 1 2 2
3 Connor McMichael Morgan Barron Morgan Geekie 20 1 2 2
4 Jack Studnicka Nils Hoglander Samuel Poulin 10 1 2 2
5 vs 5 Defense
Defense Defense Time % Phy DF OF
1 Ian McCoshen Ryan Pulock 40 1 2 2
2 Mathieu Brodeur Jordan Spence 30 1 2 2
3 Joonas Lyytinen Sebastian Ahaut 20 1 2 2
4 Brycen Martin Tyler Lewington 10 1 2 2
PowerPlay Forward
Center Left Wing Right Wing Time % Phy DF OF
1 Robert Thomas Sonny Milano Nathan Walker 60 1 2 2
2 Christoffer Ehn Connor McMichael Kailer Yamamoto 40 1 2 2
PowerPlay Defense
Defense Defense Time % Phy DF OF
1 Jordan Spence Ryan Pulock 60 1 2 2
2 Ian McCoshen Sebastian Ahaut 40 1 2 2
Penalty Kill 4 Players Forward
Center Wing Time % Phy DF OF
1 Dominic Turgeon Morgan Geekie 60 1 2 2
2 Christoffer Ehn Morgan Barron 40 1 2 2
Penalty Kill 4 Players Defense
Defense Defense Time % Phy DF OF
1 Mathieu Brodeur Joonas Lyytinen 60 1 2 2
2 Tyler Lewington Ian McCoshen 40 1 2 2
Penalty Kill - 3 Players Forward
Forward Time % Phy DF OF
1 Dominic Turgeon 60 1 2 2
2 Christoffer Ehn 40 1 2 2
Penalty Kill - 3 Players Defense
Defense Defense Time % Phy DF OF
1 Mathieu Brodeur Joonas Lyytinen 60 1 2 2
2 Sebastian Ahaut Tyler Lewington 40 1 2 2
4 vs 4 Forward
Center Wing Time % Phy DF OF
1 Robert Thomas Sonny Milano 60 1 2 2
2 Kailer Yamamoto Nathan Walker 40 1 2 2
4 vs 4 Defense
Defense Defense Time % Phy DF OF
1 Ian McCoshen Jordan Spence 60 1 2 2
2 Sebastian Ahaut Ryan Pulock 40 1 2 2
Last Minutes Offensive
Center Left Wing Right Wing Defense Defense
Robert Thomas Sonny Milano Nathan Walker Ian McCoshen Jordan Spence
Last Minutes Defensive
Center Left Wing Right Wing Defense Defense
Christoffer Ehn Dominic Turgeon Kailer Yamamoto Joonas Lyytinen Mathieu Brodeur
Goaltenders
Starting : Adam Werner
Backup : Marcus Hogberg
Extra Forwards
Normal : Morgan Geekie, Connor McMichael, Nils Hoglander - PP : Morgan Geekie, Dominic Turgeon - PK : Samuel Poulin
Extra Defensemen
Normal : Joonas Lyytinen, Sebastian Ahaut, Tyler Lewington - PP : Joonas Lyytinen - PK : Sebastian Ahaut, Brycen Martin
Penalty Shots
Sonny Milano, Nathan Walker, Robert Thomas, Kailer Yamamoto, Christoffer Ehn
Custom OT Lines Forwards
Sonny Milano, Christoffer Ehn, Robert Thomas, Nathan Walker, Kailer Yamamoto, Dominic Turgeon, Morgan Geekie, Connor McMichael, Nils Hoglander, Morgan Barron
Custom OT Lines Defensemen
Ian McCoshen, Mathieu Brodeur, Ryan Pulock, Jordan Spence, Sebastian Ahaut
Scratches
Brendan Leipsic (Healthy), Scott Reedy (Healthy), Jack Ramsey (Healthy), Michael Bunting (Healthy), Conor Timmins (Healthy)
Calvin Thurkauf (Healthy), Oskar Steen (Healthy), Nick Swaney (Healthy), Dominik Bokk (Healthy), Viktor Lodin (Healthy)
Vladislav Kolyachonok (Healthy), Philippe Desrosiers (Healthy)
% Time on Ice - Icehogs
Lines # - Real PCT - Wanted PCT - Time Play
Normal Forward
1 - 34% - 40% - 17:00
2 - 28% - 30% - 14:04
3 - 21% - 20% - 10:36
4 - 16% - 10% - 8:02
Normal Defense
1 - 38% - 40% - 18:41
2 - 33% - 30% - 16:10
3 - 26% - 20% - 13:09
4 - 3% - 10% - 1:42
PP Forward
1 - 0% - 60%
2 - 0% - 40%
PP Defense
1 - 0% - 60%
2 - 0% - 40%
PK Forward
1 - 77% - 60% - 6:41
2 - 23% - 40% - 2:01
PK Defense
1 - 62% - 60% - 5:26
2 - 38% - 40% - 3:16
PK3 Forward
1 - 86% - 60% - 1:23
2 - 14% - 40% - 0:13
PK3 Defense
1 - 100% - 60% - 1:36
2 - 0% - 40% - 0:00
44 Forward
1 - 0% - 60%
2 - 0% - 40%
44 Defense
1 - 0% - 60%
2 - 0% - 40%
Last Minute Offensive - 0:00
Last Minute Defensive - 0:00
Total
Forward - 60:00
Defense - 60:00
|
% Time on Ice - Griffins
Lines # - Real PCT - Wanted PCT - Time Play
Normal Forward
1 - 35% - 40% - 17:19
2 - 26% - 30% - 13:02
3 - 20% - 20% - 9:56
4 - 19% - 10% - 9:25
Normal Defense
1 - 39% - 40% - 19:16
2 - 29% - 30% - 14:29
3 - 18% - 20% - 9:10
4 - 14% - 10% - 6:47
PP Forward
1 - 54% - 60% - 5:33
2 - 46% - 40% - 4:45
PP Defense
1 - 60% - 60% - 6:10
2 - 40% - 40% - 4:08
PK Forward
1 - 0% - 60%
2 - 0% - 40%
PK Defense
1 - 0% - 60%
2 - 0% - 40%
PK3 Forward
1 - 0% - 60%
2 - 0% - 40%
PK3 Defense
1 - 0% - 60%
2 - 0% - 40%
44 Forward
1 - 0% - 60%
2 - 0% - 40%
44 Defense
1 - 0% - 60%
2 - 0% - 40%
Last Minute Offensive - 0:00
Last Minute Defensive - 0:00
Total
Forward - 60:00
Defense - 60:00
|
Play-by-Play
1st period
0:01 of 1st period - Sonny Milano wins face-off versus Dillon Dube in neutral zone.
1:08 of 1st period - Snap shot by Nikita Scherbak.
1:08 of 1st period - Stopped by Adam Werner without a rebound.
1:09 of 1st period - Connor McMichael wins face-off versus Ben Johnson in Griffins zone.
1:16 of 1st period - Slapshot by Morgan Barron.
1:16 of 1st period - Shot Misses the Net.
1:18 of 1st period - Snap shot by Morgan Barron.
1:18 of 1st period - Stopped by Mackenzie Blackwood with a rebound.
1:20 of 1st period - Wrist shot by Connor McMichael.
1:20 of 1st period - Shot Misses the Net.
2:07 of 1st period - Snap shot by Kailer Yamamoto.
2:07 of 1st period - Stopped by Mackenzie Blackwood with a rebound.
2:53 of 1st period - Snap shot by Sonny Milano.
2:53 of 1st period - Stopped by Mackenzie Blackwood with a rebound.
3:29 of 1st period - Gabriel Fortier is hit by Dominic Turgeon and loses puck.
3:55 of 1st period - Snap shot by Kailer Yamamoto.
3:55 of 1st period - Stopped by Mackenzie Blackwood without a rebound.
3:56 of 1st period - Dillon Dube wins face-off versus Christoffer Ehn in Icehogs zone.
4:05 of 1st period - Hudson Fasching is hit by Christoffer Ehn and loses puck.
4:22 of 1st period - Morgan Geekie is hit by Julius Honka and loses puck.
5:06 of 1st period - Off-side.
5:07 of 1st period - Christoffer Ehn wins face-off versus Maxim Letunov in neutral zone.
5:12 of 1st period - Wrist shot by Robert Thomas.
5:12 of 1st period - Deflect By Christoffer Ehn.
5:12 of 1st period - Stopped by Mackenzie Blackwood with a rebound.
5:14 of 1st period - Wrist shot by Christoffer Ehn.
5:14 of 1st period - Stopped by Mackenzie Blackwood without a rebound.
5:15 of 1st period - Dillon Dube wins face-off versus Christoffer Ehn in Icehogs zone.
5:20 of 1st period - Snap shot by Hudson Fasching.
5:20 of 1st period - Deflect By Dillon Dube.
5:20 of 1st period - Stopped by Adam Werner with a rebound.
5:28 of 1st period - Snap shot by Hudson Fasching.
5:28 of 1st period - Shot Misses the Net.
5:30 of 1st period - Wrist shot by Jeremy Davies.
5:30 of 1st period - Shot Misses the Net.
6:01 of 1st period - Snap shot by Morgan Geekie.
6:01 of 1st period - Stopped by Mackenzie Blackwood with a rebound.
6:03 of 1st period - Slapshot by Mathieu Brodeur.
6:03 of 1st period - Stopped by Mackenzie Blackwood without a rebound.
6:04 of 1st period - Dillon Dube wins face-off versus Connor McMichael in Icehogs zone.
6:09 of 1st period - Snap shot by Trevor Zegras.
6:09 of 1st period - Deflect By Morgan Barron.
6:09 of 1st period - Stopped by Adam Werner without a rebound.
6:10 of 1st period - Christoffer Ehn wins face-off versus Dillon Dube in Griffins zone.
6:33 of 1st period - Minor Penalty to Dillon Dube for Cross-checking.
6:34 of 1st period - Nathan Walker wins face-off versus Nikita Scherbak in Icehogs zone.
8:24 of 1st period - Sonny Milano is hit by Mikhail Grigorenko and loses puck.
8:33 of 1st period - Penalty to Dillon Dube is over, Dillon Dube is back on ice.
8:41 of 1st period - Wrist shot by Nils Hoglander.
8:41 of 1st period - Stopped by Mackenzie Blackwood with a rebound.
8:43 of 1st period - Snap shot by Ryan Pulock.
8:43 of 1st period - Stopped by Mackenzie Blackwood without a rebound.
8:44 of 1st period - Maxim Letunov wins face-off versus Jack Studnicka in Icehogs zone.
8:57 of 1st period - Snap shot by Nils Hoglander.
8:57 of 1st period - Shot Misses the Net.
9:18 of 1st period - Zach Whitecloud is hit by Morgan Barron and loses puck.
9:36 of 1st period - Mikhail Grigorenko is hit by Joonas Lyytinen and loses puck.
11:00 of 1st period - Snap shot by Nathan Walker.
11:00 of 1st period - Shot Misses the Net.
11:02 of 1st period - Slapshot by Jordan Spence.
11:02 of 1st period - Stopped by Mackenzie Blackwood with a rebound.
11:04 of 1st period - Slapshot by Kailer Yamamoto.
11:04 of 1st period - Stopped by Mackenzie Blackwood without a rebound.
11:05 of 1st period - Dominic Turgeon wins face-off versus Dillon Dube in Icehogs zone.
11:26 of 1st period - Slapshot by Trevor Zegras.
11:26 of 1st period - Deflect By Dillon Dube.
11:26 of 1st period - Shot Misses the Net.
11:26 of 1st period - Puck is out of play.
11:27 of 1st period - Christoffer Ehn wins face-off versus Andrew Poturalski in Griffins zone.
11:47 of 1st period - Robert Thomas is hit by Mikhail Grigorenko and loses puck.
12:00 of 1st period - Wrist shot by Christoffer Ehn.
12:00 of 1st period - Stopped by Mackenzie Blackwood with a rebound.
12:19 of 1st period - Icing by Mikhail Grigorenko.
12:20 of 1st period - Andrew Poturalski wins face-off versus Dominic Turgeon in Icehogs zone.
12:31 of 1st period - Wrist shot by Nathan Walker.
12:31 of 1st period - Stopped by Mackenzie Blackwood without a rebound.
12:32 of 1st period - Dillon Dube wins face-off versus Dominic Turgeon in Icehogs zone.
12:49 of 1st period - Snap shot by Dominic Turgeon.
12:49 of 1st period - Shot Blocked by Calle Andersson.
12:59 of 1st period - Ian McCoshen is hit by Ben Johnson.
13:23 of 1st period - Wrist shot by Maxim Letunov.
13:23 of 1st period - Stopped by Adam Werner without a rebound.
13:24 of 1st period - Dillon Dube wins face-off versus Christoffer Ehn in Griffins zone.
14:13 of 1st period - Wrist shot by Sonny Milano.
14:13 of 1st period - Stopped by Mackenzie Blackwood with a rebound.
14:15 of 1st period - Slapshot by Robert Thomas.
14:15 of 1st period - Stopped by Mackenzie Blackwood with a rebound.
14:17 of 1st period - Slapshot by Sebastian Ahaut.
14:17 of 1st period - Deflect By Julius Honka.
14:17 of 1st period - Stopped by Mackenzie Blackwood without a rebound.
14:18 of 1st period - Dominic Turgeon wins face-off versus Ben Johnson in Icehogs zone.
14:31 of 1st period - Snap shot by Nathan Walker.
14:31 of 1st period - Shot Blocked by JJ. Piccinich.
14:33 of 1st period - Wrist shot by Dominic Turgeon.
14:33 of 1st period - Stopped by Mackenzie Blackwood without a rebound.
14:34 of 1st period - Andrew Poturalski wins face-off versus Connor McMichael in Icehogs zone.
15:00 of 1st period - Slapshot by Patrick Sieloff.
15:00 of 1st period - Stopped by Adam Werner with a rebound.
15:02 of 1st period - Wrist shot by Ben Johnson.
15:02 of 1st period - Stopped by Adam Werner without a rebound.
15:03 of 1st period - Dominic Turgeon wins face-off versus Ben Johnson in Griffins zone.
15:12 of 1st period - Snap shot by Ben Johnson.
15:12 of 1st period - Shot Blocked by Jordan Spence.
15:14 of 1st period - Slapshot by Patrick Sieloff.
15:14 of 1st period - Stopped by Adam Werner with a rebound.
15:16 of 1st period - Snap shot by Ben Johnson.
15:16 of 1st period - Goal by Ben Johnson - Icehogs : 1 - Griffins : 0.
15:17 of 1st period - Dillon Dube wins face-off versus Christoffer Ehn in neutral zone.
18:32 of 1st period - Wrist shot by Hudson Fasching.
18:32 of 1st period - Shot Blocked by Ryan Pulock.
18:38 of 1st period - Zach Whitecloud is hit by Kailer Yamamoto and loses puck.
19:22 of 1st period - Off-side.
19:23 of 1st period - Christoffer Ehn wins face-off versus Andrew Poturalski in neutral zone.
Goals for this period are 1 for Icehogs vs 0 for Griffins.
Shots for this period are 8 for Icehogs vs 18 for Griffins.
2nd period
0:01 of 2nd period - Dillon Dube wins face-off versus Christoffer Ehn in neutral zone.
0:16 of 2nd period - Wrist shot by Sonny Milano.
0:16 of 2nd period - Stopped by Mackenzie Blackwood with a rebound.
0:42 of 2nd period - Minor Penalty to Patrick Sieloff for Holding.
0:43 of 2nd period - Dillon Dube wins face-off versus Robert Thomas in Icehogs zone.
1:58 of 2nd period - Julius Honka is hit by Sonny Milano and loses puck.
2:13 of 2nd period - Mikhail Grigorenko is hit by Sonny Milano and loses puck.
2:42 of 2nd period - Penalty to Patrick Sieloff is over, Patrick Sieloff is back on ice.
3:08 of 2nd period - Mitchell Chaffee is hit by Morgan Geekie and loses puck.
3:31 of 2nd period - Wrist shot by Ben Johnson.
3:31 of 2nd period - Shot Hit the Post.
3:45 of 2nd period - Nikita Scherbak is hit by Kailer Yamamoto and loses puck.
4:47 of 2nd period - Ian McCoshen is hit by Patrick Sieloff and loses puck.
6:59 of 2nd period - Kailer Yamamoto is hit by Hudson Fasching and loses puck.
7:08 of 2nd period - Sebastian Ahaut is hit by Dillon Dube and loses puck.
7:21 of 2nd period - Slapshot by Sonny Milano.
7:21 of 2nd period - Shot Blocked by Ben Johnson.
7:56 of 2nd period - Icing by Morgan Barron.
7:57 of 2nd period - Dillon Dube wins face-off versus Connor McMichael in Griffins zone.
8:06 of 2nd period - Snap shot by Ben Johnson.
8:06 of 2nd period - Shot Misses the Net.
8:20 of 2nd period - Snap shot by Morgan Geekie.
8:20 of 2nd period - Stopped by Mackenzie Blackwood with a rebound.
8:35 of 2nd period - Off-side.
8:36 of 2nd period - Christoffer Ehn wins face-off versus Andrew Poturalski in neutral zone.
8:55 of 2nd period - Ryan Pulock is hit by Nikita Scherbak and loses puck.
10:00 of 2nd period - Slapshot by Christoffer Ehn.
10:00 of 2nd period - Stopped by Mackenzie Blackwood with a rebound.
10:02 of 2nd period - Slapshot by Christoffer Ehn.
10:02 of 2nd period - Goal by Christoffer Ehn - Icehogs : 1 - Griffins : 1.
10:03 of 2nd period - Dillon Dube wins face-off versus Kailer Yamamoto in neutral zone.
11:16 of 2nd period - Wrist shot by Morgan Barron.
11:16 of 2nd period - Shot Blocked by Mitchell Chaffee.
13:00 of 2nd period - Off-side.
13:01 of 2nd period - Jack Studnicka wins face-off versus Mitchell Chaffee in neutral zone.
13:06 of 2nd period - Snap shot by Jack Studnicka.
13:06 of 2nd period - Shot Blocked by Maxim Letunov.
13:08 of 2nd period - Snap shot by Jack Studnicka.
13:08 of 2nd period - Stopped by Mackenzie Blackwood with a rebound.
13:10 of 2nd period - Snap shot by Jack Studnicka.
13:10 of 2nd period - Shot Misses the Net.
13:12 of 2nd period - Snap shot by Mathieu Brodeur.
13:12 of 2nd period - Stopped by Mackenzie Blackwood with a rebound.
13:28 of 2nd period - Mathieu Brodeur is hit by Nikita Scherbak and loses puck.
13:37 of 2nd period - Wrist shot by Jack Studnicka.
13:37 of 2nd period - Shot Misses the Net.
13:57 of 2nd period - Wrist shot by Jack Studnicka.
13:57 of 2nd period - Stopped by Mackenzie Blackwood without a rebound.
13:58 of 2nd period - Dillon Dube wins face-off versus Christoffer Ehn in Icehogs zone.
14:10 of 2nd period - Snap shot by Trevor Zegras.
14:10 of 2nd period - Stopped by Adam Werner without a rebound.
14:11 of 2nd period - Dillon Dube wins face-off versus Christoffer Ehn in Griffins zone.
14:12 of 2nd period - Wrist shot by Hudson Fasching.
14:12 of 2nd period - Shot Misses the Net.
14:14 of 2nd period - Slapshot by Patrick Sieloff.
14:14 of 2nd period - Stopped by Adam Werner with a rebound.
14:16 of 2nd period - Wrist shot by Hudson Fasching.
14:16 of 2nd period - Stopped by Adam Werner without a rebound.
14:17 of 2nd period - Dillon Dube wins face-off versus Sonny Milano in Griffins zone.
14:32 of 2nd period - Snap shot by Trevor Zegras.
14:32 of 2nd period - Stopped by Adam Werner without a rebound.
14:33 of 2nd period - Dominic Turgeon wins face-off versus Ben Johnson in Griffins zone.
14:33 of 2nd period - Dominic Turgeon is hit by Julius Honka.
14:45 of 2nd period - Snap shot by Dominic Turgeon.
14:45 of 2nd period - Shot Misses the Net.
15:27 of 2nd period - Snap shot by Sonny Milano.
15:27 of 2nd period - Shot Misses the Net.
15:29 of 2nd period - Wrist shot by Christoffer Ehn.
15:29 of 2nd period - Stopped by Mackenzie Blackwood without a rebound.
15:30 of 2nd period - Hudson Fasching wins face-off versus Christoffer Ehn in Icehogs zone.
16:02 of 2nd period - Slapshot by Jordan Spence.
16:02 of 2nd period - Shot Misses the Net.
16:04 of 2nd period - Snap shot by Jordan Spence.
16:04 of 2nd period - Shot Blocked by Zach Whitecloud.
16:06 of 2nd period - Wrist shot by Nils Hoglander.
16:06 of 2nd period - Shot Blocked by Zach Whitecloud.
16:08 of 2nd period - Slapshot by Jordan Spence.
16:08 of 2nd period - Deflect By Trevor Zegras.
16:08 of 2nd period - Stopped by Mackenzie Blackwood without a rebound.
16:09 of 2nd period - Christoffer Ehn wins face-off versus Ben Johnson in Icehogs zone.
16:10 of 2nd period - Slapshot by Sonny Milano.
16:10 of 2nd period - Deflect By Robert Thomas.
16:10 of 2nd period - Stopped by Mackenzie Blackwood with a rebound.
16:12 of 2nd period - Slapshot by Joonas Lyytinen.
16:12 of 2nd period - Stopped by Mackenzie Blackwood without a rebound.
16:13 of 2nd period - Christoffer Ehn wins face-off versus Ben Johnson in Icehogs zone.
16:14 of 2nd period - Wrist shot by Sonny Milano.
16:14 of 2nd period - Shot Blocked by Jeremy Davies.
17:12 of 2nd period - Snap shot by Hudson Fasching.
17:12 of 2nd period - Deflect By Trevor Zegras.
17:12 of 2nd period - Shot Misses the Net.
17:12 of 2nd period - Puck is out of play.
17:13 of 2nd period - Dillon Dube wins face-off versus Robert Thomas in Griffins zone.
17:40 of 2nd period - Nikita Scherbak is hit by Kailer Yamamoto and loses puck.
17:45 of 2nd period - Wrist shot by Nathan Walker.
17:45 of 2nd period - Shot Misses the Net.
17:59 of 2nd period - Wrist shot by Maxim Letunov.
17:59 of 2nd period - Stopped by Adam Werner with a rebound.
18:01 of 2nd period - Snap shot by Gabriel Fortier.
18:01 of 2nd period - Shot Misses the Net.
18:03 of 2nd period - Slapshot by Declan Chisholm.
18:03 of 2nd period - Shot Blocked by Dominic Turgeon.
18:05 of 2nd period - Snap shot by Maxim Letunov.
18:05 of 2nd period - Stopped by Adam Werner with a rebound.
18:07 of 2nd period - Snap shot by Mitchell Chaffee.
18:07 of 2nd period - Stopped by Adam Werner with a rebound.
18:09 of 2nd period - Snap shot by Mitchell Chaffee.
18:09 of 2nd period - Shot Misses the Net.
18:41 of 2nd period - Wrist shot by Robert Thomas.
18:41 of 2nd period - Shot Misses the Net.
18:45 of 2nd period - Snap shot by Sonny Milano.
18:45 of 2nd period - Stopped by Mackenzie Blackwood without a rebound.
18:46 of 2nd period - Christoffer Ehn wins face-off versus Dillon Dube in Icehogs zone.
19:00 of 2nd period - Minor Penalty to Julius Honka for High sticking.
19:01 of 2nd period - Robert Thomas wins face-off versus Dillon Dube in Icehogs zone.
19:15 of 2nd period - Snap shot by Robert Thomas.
19:15 of 2nd period - Shot Blocked by Patrick Sieloff.
19:23 of 2nd period - Minor Penalty to Mikhail Grigorenko for Delaying the game.
19:24 of 2nd period - Dillon Dube wins face-off versus Robert Thomas in Icehogs zone.
Goals for this period are 0 for Icehogs vs 1 for Griffins.
Shots for this period are 7 for Icehogs vs 12 for Griffins.
3rd period
0:01 of 3rd period - Dillon Dube wins face-off versus Robert Thomas in neutral zone.
1:00 of 3rd period - Penalty to Julius Honka is over, Julius Honka is back on ice.
1:23 of 3rd period - Penalty to Mikhail Grigorenko is over, Mikhail Grigorenko is back on ice.
1:34 of 3rd period - Snap shot by Ben Johnson.
1:34 of 3rd period - Shot Blocked by Ryan Pulock.
1:36 of 3rd period - Slapshot by Jeremy Davies.
1:36 of 3rd period - Shot Misses the Net.
1:38 of 3rd period - Slapshot by Jeremy Davies.
1:38 of 3rd period - Stopped by Adam Werner without a rebound.
1:39 of 3rd period - Morgan Geekie wins face-off versus Ben Johnson in Griffins zone.
1:39 of 3rd period - Morgan Geekie is hit by Calle Andersson.
2:03 of 3rd period - Joonas Lyytinen is hit by Trevor Zegras and loses puck.
2:16 of 3rd period - Backhand shot by Hudson Fasching.
2:16 of 3rd period - Stopped by Adam Werner without a rebound.
2:17 of 3rd period - Andrew Poturalski wins face-off versus Christoffer Ehn in Griffins zone.
2:20 of 3rd period - Slapshot by Andrew Poturalski.
2:20 of 3rd period - Stopped by Adam Werner without a rebound.
2:21 of 3rd period - Christoffer Ehn wins face-off versus Andrew Poturalski in Griffins zone.
2:25 of 3rd period - Icing by Sonny Milano.
2:26 of 3rd period - Christoffer Ehn wins face-off versus Andrew Poturalski in Griffins zone.
2:31 of 3rd period - Slapshot by Mathieu Brodeur.
2:31 of 3rd period - Stopped by Mackenzie Blackwood without a rebound.
2:32 of 3rd period - Christoffer Ehn wins face-off versus Dillon Dube in Icehogs zone.
2:45 of 3rd period - Dillon Dube is hit by Robert Thomas and loses puck.
3:49 of 3rd period - Backhand shot by Jeremy Davies.
3:49 of 3rd period - Shot Misses the Net.
4:05 of 3rd period - Hudson Fasching is hit by Sonny Milano and loses puck.
4:10 of 3rd period - Snap shot by Sonny Milano.
4:10 of 3rd period - Stopped by Mackenzie Blackwood with a rebound.
4:12 of 3rd period - Slapshot by Christoffer Ehn.
4:12 of 3rd period - Stopped by Mackenzie Blackwood with a rebound.
4:22 of 3rd period - Slapshot by Calle Andersson.
4:22 of 3rd period - Stopped by Adam Werner with a rebound.
4:24 of 3rd period - Slapshot by Jeremy Davies.
4:24 of 3rd period - Deflect By Mikhail Grigorenko.
4:24 of 3rd period - Stopped by Adam Werner without a rebound.
4:25 of 3rd period - Andrew Poturalski wins face-off versus Kailer Yamamoto in Griffins zone.
4:30 of 3rd period - Wrist shot by Mikhail Grigorenko.
4:30 of 3rd period - Stopped by Adam Werner without a rebound.
4:31 of 3rd period - Dillon Dube wins face-off versus Christoffer Ehn in Griffins zone.
4:46 of 3rd period - Slapshot by Hudson Fasching.
4:46 of 3rd period - Shot Misses the Net.
4:58 of 3rd period - Patrick Sieloff is hit by Ryan Pulock and loses puck.
6:12 of 3rd period - Wrist shot by Andrew Poturalski.
6:12 of 3rd period - Shot Misses the Net.
6:36 of 3rd period - Slapshot by Mathieu Brodeur.
6:36 of 3rd period - Shot Blocked by JJ. Piccinich.
6:38 of 3rd period - Minor Penalty to Ben Johnson for High sticking.
6:39 of 3rd period - Christoffer Ehn wins face-off versus Dillon Dube in Icehogs zone.
6:50 of 3rd period - Patrick Sieloff is hit by Sebastian Ahaut and loses puck.
8:09 of 3rd period - Dillon Dube is hit by Sonny Milano and loses puck.
8:38 of 3rd period - Penalty to Ben Johnson is over, Ben Johnson is back on ice.
9:07 of 3rd period - Snap shot by Ben Johnson.
9:07 of 3rd period - Shot Misses the Net.
9:09 of 3rd period - Slapshot by JJ. Piccinich.
9:09 of 3rd period - Shot Misses the Net.
9:13 of 3rd period - Snap shot by Ben Johnson.
9:13 of 3rd period - Stopped by Adam Werner without a rebound.
9:14 of 3rd period - Dillon Dube wins face-off versus Christoffer Ehn in Griffins zone.
10:11 of 3rd period - Tyler Lewington is hit by Hudson Fasching and loses puck.
10:24 of 3rd period - Nils Hoglander is hit by Hudson Fasching and loses puck.
10:45 of 3rd period - Wrist shot by Mikhail Grigorenko.
10:45 of 3rd period - Goal by Mikhail Grigorenko - Icehogs : 2 - Griffins : 1.
10:46 of 3rd period - Christoffer Ehn wins face-off versus Trevor Zegras in neutral zone.
11:36 of 3rd period - Wrist shot by Ben Johnson.
11:36 of 3rd period - Stopped by Adam Werner without a rebound.
11:37 of 3rd period - Ben Johnson wins face-off versus Connor McMichael in Griffins zone.
11:38 of 3rd period - Snap shot by Ross Johnston.
11:38 of 3rd period - Shot Misses the Net.
11:58 of 3rd period - Snap shot by Morgan Geekie.
11:58 of 3rd period - Stopped by Mackenzie Blackwood with a rebound.
12:12 of 3rd period - Wrist shot by Morgan Barron.
12:12 of 3rd period - Stopped by Mackenzie Blackwood without a rebound.
12:13 of 3rd period - Mikhail Grigorenko wins face-off versus Christoffer Ehn in Icehogs zone.
12:13 of 3rd period - Mikhail Grigorenko is hit by Sonny Milano.
12:36 of 3rd period - Icing by Patrick Sieloff.
12:37 of 3rd period - Dillon Dube wins face-off versus Dominic Turgeon in Icehogs zone.
12:44 of 3rd period - Wrist shot by Dominic Turgeon.
12:44 of 3rd period - Deflect By Kailer Yamamoto.
12:44 of 3rd period - Shot Misses the Net.
12:44 of 3rd period - Puck is out of play.
12:45 of 3rd period - Dillon Dube wins face-off versus Christoffer Ehn in Icehogs zone.
12:45 of 3rd period - Dillon Dube is hit by Sebastian Ahaut.
12:53 of 3rd period - Snap shot by Trevor Zegras.
12:53 of 3rd period - Stopped by Adam Werner with a rebound.
12:55 of 3rd period - Wrist shot by Hudson Fasching.
12:55 of 3rd period - Goal by Hudson Fasching - Icehogs : 3 - Griffins : 1.
12:56 of 3rd period - Dillon Dube wins face-off versus Christoffer Ehn in neutral zone.
13:04 of 3rd period - Icing by Robert Thomas.
13:05 of 3rd period - Dillon Dube wins face-off versus Christoffer Ehn in Griffins zone.
13:10 of 3rd period - Snap shot by Trevor Zegras.
13:10 of 3rd period - Stopped by Adam Werner without a rebound.
13:11 of 3rd period - Christoffer Ehn wins face-off versus Dillon Dube in Griffins zone.
13:18 of 3rd period - Trevor Zegras is hit by Sonny Milano and loses puck.
13:44 of 3rd period - Wrist shot by Ian McCoshen.
13:44 of 3rd period - Stopped by Mackenzie Blackwood without a rebound.
13:45 of 3rd period - Dillon Dube wins face-off versus Dominic Turgeon in Icehogs zone.
13:45 of 3rd period - Dillon Dube is hit by Nathan Walker.
14:52 of 3rd period - Icing by Maxim Letunov.
14:53 of 3rd period - Jack Studnicka wins face-off versus Maxim Letunov in Icehogs zone.
15:00 of 3rd period - Nils Hoglander is hit by Mitchell Chaffee and loses puck.
15:17 of 3rd period - Gabriel Fortier is hit by Ian McCoshen and loses puck.
15:26 of 3rd period - Slapshot by Ryan Pulock.
15:26 of 3rd period - Stopped by Mackenzie Blackwood with a rebound.
15:28 of 3rd period - Wrist shot by Nils Hoglander.
15:28 of 3rd period - Stopped by Mackenzie Blackwood with a rebound.
15:30 of 3rd period - Wrist shot by Jack Studnicka.
15:30 of 3rd period - Stopped by Mackenzie Blackwood without a rebound.
15:31 of 3rd period - Connor McMichael wins face-off versus Ben Johnson in Icehogs zone.
15:39 of 3rd period - Minor Penalty to Ben Johnson for Hooking.
15:40 of 3rd period - Robert Thomas wins face-off versus Dillon Dube in Icehogs zone.
17:39 of 3rd period - Penalty to Ben Johnson is over, Ben Johnson is back on ice.
19:32 of 3rd period - Julius Honka is hit by Ian McCoshen and loses puck.
19:36 of 3rd period - Icing by Patrick Sieloff.
19:37 of 3rd period - Dillon Dube wins face-off versus Christoffer Ehn in Icehogs zone.
19:50 of 3rd period - Trevor Zegras is hit by Christoffer Ehn and loses puck.
Goals for this period are 2 for Icehogs vs 0 for Griffins.
Shots for this period are 12 for Icehogs vs 9 for Griffins.